Cogmind - Beta 17.1 @@@ ROGUE MODE // 2026.08.27 @ 05:44:47 Player: J1ang-5h1 Result: Destroyed by S-10 Pest with Light Assault Rifle Performance ------------- Evolutions (2) 1000 Regions Visited (3) 600 Robots Destroyed (78) 390 Value Destroyed (2124) 2124 Prototype IDs (6) 120 Alien Tech Used (0) 0 Bonus (14100) 14100 TOTAL SCORE: 18334 Bonus ------- High Alert Combat Kills 25 Follower Combat Kills 25 Prayed to X0-1V1 5000 Major X0-1V1 Interference 6050 Subatomizer Sterilization 3000 Cogmind --------- Core Integrity 0/350 Matter 810/900 Energy 100/100 System Corruption 7% Temperature Cool (0) Movement Treading (250) Ox1 Location -8/Materials Parts ------- > --- POWER (1) -------- (None) > --- PROPULSION (2) --- Armored Treads > --- UTILITY (6) ------ Large Storage Unit Advanced Targeting Computer Core Analyzer Core Analyzer System Shield > --- WEAPON (2) ------- Katana Katana > --- INVENTORY (16) --- Light Nuclear Core Compact Wheel Improved Heat Sink Structural Scanner Improved Terrain Scanner Advanced Targeting Computer Particle Gun Particle Gun Particle Gun Improved Medium Laser Heavy Particle Cannon Heavy Battle Rifle Shock Bomb Launcher Rocket Launcher Katana Peak State ------------ > --- POWER ------------ Light Nuclear Core > --- PROPULSION ------- Armored Treads Armored Treads > --- UTILITY ---------- Large Storage Unit Advanced Targeting Computer Particle Charger Light Armor Plating System Shield X0-1V1's Piety Tracker > --- WEAPON ----------- Katana Makeshift Sword > --- INVENTORY -------- Light Nuclear Core Compact Wheel Improved Heat Sink Structural Scanner Improved Terrain Scanner Advanced Targeting Computer Particle Gun Particle Gun Particle Gun Improved Medium Laser Heavy Particle Cannon Heavy Battle Rifle Shock Bomb Launcher Rocket Launcher Katana Katana [Rating: 44] Favorites ----------- Power Ion Engine Engine Ion Engine Power Core Light Nuclear Core Propulsion Aluminum Leg Treads Improved Treads Leg Aluminum Leg Wheel Compact Wheel Utility X0-1V1's Piety Tracker Device X0-1V1's Piety Tracker Storage Large Storage Unit Processor Improved Melee Analysis Suite Hackware Hacking Suite Protection Light Armor Plating Weapon Particle Gun Energy Gun Particle Gun Launcher Shock Bomb Launcher Impact Weapon Hammer Slashing Weapon Katana Build | -11 -10 -9 -8 ------- Run | Yrd Mat Mat Mat Slots Evolved 4 | . . 2 2 Power . | . . . . Propulsion . | . . . . Utility 4 | . . 2 2 Weapon . | . . . . Parts Attached 50 | 9 13 9 19 Power 7 | 1 2 . 4 Engine 5 | 1 2 . 2 Core 2 | . . . 2 Reactor . | . . . . Propulsion 14 | 4 4 2 4 Treads 5 | . . 2 3 Leg 6 | 2 4 . . Wheel 3 | 2 . . 1 Hover . | . . . . Flight . | . . . . Utility 19 | 2 3 5 9 Device 7 | 1 2 2 2 Storage 2 | 1 . 1 . Processor 4 | . . 1 3 Hackware 2 | . . . 2 Protection 4 | . 1 1 2 Artifact . | . . . . Weapon 10 | 2 4 2 2 Energy Gun 5 | 2 3 . . Energy Cannon . | . . . . Ballistic Gun . | . . . . Ballistic Cannon . | . . . . Launcher 1 | . . . 1 Special Weapon . | . . . . Impact Weapon 1 | . 1 . . Slashing Weapon 3 | . . 2 1 Piercing Weapon . | . . . . Special Melee Weapon . | . . . . Unidentified Prototypes 1 | . 1 . . Parts Lost 21 | . 2 4 15 Power 5 | . 1 1 3 Propulsion 4 | . . . 4 Utility 11 | . 1 3 7 Weapon 1 | . . . 1 Highest Loss Streak 7 | . 1 2 7 To Critical Strikes . | . . . . Average Backups 10 | 4 7 8 15 Power . | . . . . Propulsion . | 2 1 . . Utility 3 | . 4 2 3 Weapon 5 | 1 1 5 10 Tool/Special . | . . . . Unused Backups 20 | 1 3 2 14 Power . | . . . . Propulsion 3 | 1 2 . . Utility 6 | . . 1 5 Weapon 11 | . 1 1 9 Tool/Special . | . . . . Average Slot Usage (%) 88 | . 96 87 80 Engine 6 | . 10 3 4 Treads 8 | . . 21 11 Leg 12 | . 28 . . Device 16 | . 12 13 20 Storage 11 | . 14 11 9 Processor 4 | . . 6 8 Hackware 1 | . . . 2 Protection 2 | . 1 8 1 Energy Gun 8 | . 19 2 . Impact Weapon 4 | . 8 2 . Slashing Weapon 9 | . . 16 17 Peak Build Rating 44 | 7 21 32 44 Average Rating 24 | 4 15 27 34 On Entrance 15 | . 7 21 32 Avg Prop Armor Cover (%) . | . . . . Naked Turns . | . . . . Heaviest Build 37 | 14 19 31 37 Greatest Support 46 | 26 20 46 46 Greatest Overweight (x) 1 | . . . 1 Average Overweight (x) . | . . . . Largest Inventory Capacity 16 | 8 9 16 16 Average Capacity 12 | 7 8 14 16 Most Carried 16 | 8 9 11 16 Average Carried 10 | 4 7 8 15 Final Capacity 16 | 8 9 16 16 Final Carried 15 | 6 9 10 15 Class Distribution -------------------- 66% | Mutant 33% | Gladiator Dominant Class ---------------- Mutant | -10/Materials Gladiator | -9/Materials Gladiator | -8/Materials Resources | -11 -10 -9 -8 ----------- Run | Yrd Mat Mat Mat Matter Collected 1749 | 290 477 228 754 Remotely . | . . . . Salvage Created 3148 | 123 734 858 1433 Parts 162 | 6 28 34 94 Haulers Intercepted 3 | . 1 1 1 Recyclers Shooed 1 | . . . 1 Parts Field Recycled . | . . . . Retrieved Matter . | . . . . Parts Self-Destructed . | . . . . Prevented . | . . . . Parts Restored . | . . . . Kills | -11 -10 -9 -8 ------- Run | Yrd Mat Mat Mat Combat Hostiles Destroyed 46 | . 13 12 21 Melee 29 | . 3 12 14 Guns 8 | . 8 . . AOE 7 | . . . 7 Classes Destroyed 12 | 2 5 1 4 Worker 12 | . 3 3 6 Builder 2 | . . . 2 Tunneler 2 | 2 . . . Hauler 3 | . 1 1 1 Recycler 3 | 1 1 1 . Operator 4 | . 1 1 2 Watcher 6 | . 3 . 3 Swarmer 1 | . . . 1 Grunt 30 | . 13 8 9 Brawler 2 | . . . 2 Sentry 12 | . . 4 8 Hunter 1 | . . . 1 Best Kill Streak 12 | 2 3 4 12 Combat Bots Only 9 | . 3 3 9 Max Kills in Single Turn 5 | 1 1 1 5 Gunslinging . | . . . . Exploded 5 | . . . 5 Melee 1 | . 1 1 1 Uniques/NPCs Destroyed . | . . . . Combat | -11 -10 -9 -8 -------- Run | Yrd Mat Mat Mat Hostile Shots Fired 329 | . 74 57 198 Missed 101 | . 20 19 62 Hits 228 | . 54 38 136 Melee 1 | . . . 1 Projectile 227 | . 54 38 135 Critical Strikes 9 | . 1 1 7 Damage Taken 3026 | . 634 460 1932 Core 574 | . 136 81 357 Absorbed by Shields . | . . . . Redirected to Shielding 4 | . . 4 . Ignored by Resistances 56 | . . 56 . Core Remaining (%) 72 | 100 57 59 . Volleys Fired 60 | 13 41 . 6 Largest 2 | 1 2 . 1 Hottest 130 | 50 130 . 36 Shots Fired 92 | 13 71 1 7 Gun 85 | 13 71 1 . Cannon . | . . . . Launcher 7 | . . . 7 Special . | . . . . Kinetic . | . . . . Thermal 85 | 13 71 1 . Explosive . | . . . . Electromagnetic 7 | . . . 7 Robot Hit Streak 10 | 5 9 . 10 Robot Miss Streak 7 | 3 7 . 1 Penetration Max . | . . . . Secondary Targets . | . . . . Shots Hit Robots 163 | 7 73 31 52 Core Hits 84 | 4 20 16 44 Critical Kills 1 | . 1 . . Critical Parts Destroyed 3 | . 3 . . Critical Strikes 14 | 2 7 3 2 Burn 5 | 2 3 . . Smash 4 | . 4 . . Sever 5 | . . 3 2 Melee Attacks 156 | . 43 42 71 Impact 43 | . 43 . . Slashing 113 | . . 42 71 Piercing . | . . . . Sneak Attacks 20 | . 3 5 12 Combat Hostiles . | . . . . Follow-up Attacks 10 | . . 5 5 Damage Inflicted 5673 | 89 1473 1288 2823 Guns 818 | 89 729 . . Cannons . | . . . . Explosions 879 | . . . 879 Melee 3976 | . 744 1288 1944 Ramming . | . . . . Kinetic . | . . . . Thermal 1026 | 89 729 . 208 Explosive . | . . . . Electromagnetic 671 | . . . 671 Impact 744 | . 744 . . Slashing 3232 | . . 1288 1944 Piercing . | . . . . Highest Corruption 7 | . 2 2 7 Average Corruption 4 | . 2 2 6 Corruption Purged . | . . . . Corruption Blocked . | . . . . Effects 29 | . 9 . 20 Message Errors 7 | . 2 . 5 Matter Fused 8 | . 3 . 5 Heat Flow Errors 2 | . . . 2 Energy Discharges 5 | . 1 . 4 Data Loss (minor) 3 | . 1 . 2 Data Loss (major) 1 | . . . 1 Misfires 1 | . . . 1 Alerts 2 | . 2 . . Overload Shots . | . . . . Overflow Damage 384 | . 164 134 86 Projectiles . | . . . . Explosions . | . . . . Melee 384 | . 164 134 86 Knockbacks 8 | . 8 . . Impact 8 | . 8 . . Kinetic . | . . . . Secondary . | . . . . Self-Inflicted Damage 16 | . . . 16 Shots 1 | . . . 1 Rammed . | . . . . Targets Rammed . | . . . . Kicked . | . . . . Crushed . | . . . . Highest Temperature 285 | 70 285 266 256 Average Temperature 80 | 24 86 119 71 Received Heat Transfer 1368 | . 369 252 747 Siege Activations . | . . . . Martial Activations . | . . . . Shielding Activations . | . . . . Robots Disrupted . | . . . . Combat Hostiles . | . . . . Robots Corrupted 6 | . 6 . . Combat Hostiles 2 | . 2 . . Parts Fried 12 | . 10 . 2 Impact Corruptions 10 | . 10 . . Robots Melted . | . . . . Combat Hostiles . | . . . . Parts Melted 6 | 3 1 2 . Heat Transferred 2594 | 407 1987 . 200 Parts Sabotaged . | . . . . Parts Stolen . | . . . . Parts Stripped . | . . . . Power Chain Reactions 3 | . . . 3 Alert | -11 -10 -9 -8 ------- Run | Yrd Mat Mat Mat Maximum Alert Level 2 | . . 1 2 Low Security (%) 89 | 100 100 97 71 Level 1 10 | . . 2 26 Level 2 . | . . . 1 Level 3 . | . . . . Level 4 . | . . . . Level 5 . | . . . . High Security . | . . . . Max Security . | . . . . Sterilizations 1 | . . 1 . Peak Influence 496 | 5 94 201 496 Initial 73 | . . . 73 Average 61 | 1 24 71 105 Influence Increases 1918 | 15 445 388 1070 Destroy 0b10 Robot/C 940 | . 260 260 420 Destroy 0b10 Robot/NC 165 | 15 45 35 70 Destroy Leader 220 | . 58 54 108 Allied During Kill 2 | . . 2 . Successful Hack 61 | . 18 7 36 Select Force Hacks 60 | . 30 30 . Destroy Structure 11 | . 4 . 7 Lose Combat Pursuer 225 | . 30 . 195 Miscellaneous 234 | . . . 234 Influence Decreases 1443 | 15 443 216 769 Entered New Map 103 | . . 2 101 Time Decay 1046 | 15 423 190 418 Search Patrol Dispatched 100 | . . . 100 Lost Part 192 | . 20 22 150 Lost Ally 2 | . . 2 . Squads Dispatched 11 | . 2 4 5 Investigation 4 | . 1 3 . Extermination . | . . . . Reinforcement 7 | . 1 1 5 Assault . | . . . . Garrison . | . . . . Intercept . | . . . . Searches Triggered 1 | . . . 1 Construction Impeded . | . . . . Haulers Reinforced . | . . . . Active Scanning Responses . | . . . . Cargo Convoy Interrupts . | . . . . Stealth | -11 -10 -9 -8 --------- Run | Yrd Mat Mat Mat Distress Signals 9 | . . . 9 Communications Jammed . | . . . . Distress Signals . | . . . . Times Spotted 101 | . 28 21 52 Peak Tracking Total 12 | . 4 5 12 Tactical Retreats 11 | . 2 . 9 Traps | -11 -10 -9 -8 ------- Run | Yrd Mat Mat Mat Traps Triggered 2 | . 1 1 . Indirectly . | . . . . Trap Hack Attempts . | . . . . Triggered . | . . . . Disarmed 6 | . . . 6 Reprogrammed . | . . . . Reused . | . . . . Traps Extracted . | . . . . Installed . | . . . . Triggered . | . . . . Machines | -11 -10 -9 -8 ---------- Run | Yrd Mat Mat Mat Machines Disabled . | . . . . Max in Single Turn . | . . . . Machines Repaired . | . . . . Machines Dismantled . | . . . . Machines Sabotaged . | . . . . Overloaded Fab Kills . | . . . . Hacking | -11 -10 -9 -8 --------- Run | Yrd Mat Mat Mat Machines Accessed 21 | . 8 5 8 Terminals 16 | . 7 3 6 Fabricators . | . . . . Repair Stations 1 | . . . 1 Recycling Units 2 | . 1 1 . Scanalyzers 2 | . . 1 1 Garrison Access . | . . . . Total Hacks 74 | . 30 13 31 Successful 38 | . 15 6 17 Failed 35 | . 15 6 14 Catastrophic 1 | . . . 1 Database Lockouts 1 | . . 1 . Manual 44 | . 19 10 15 Terminals 61 | . 27 8 26 Fabricators . | . . . . Repair Stations 3 | . . . 3 Recycling Units 6 | . 3 3 . Scanalyzers 4 | . . 2 2 Garrison Access . | . . . . Terminal Hacks 10 | . 4 . 6 Prototype ID Bank 4 | . 3 . 1 Level Access Points 1 | . . . 1 Alert Level 1 | . . . 1 Locate Traps 1 | . . . 1 Disarm Traps 2 | . . . 2 Hauler Manifests 1 | . 1 . . Fabricator Hacks . | . . . . Repair Station Hacks 1 | . . . 1 Scan Component 1 | . . . 1 Recycling Unit Hacks 3 | . 2 1 . Report Inventory 2 | . 1 1 . Retrieve Components 1 | . 1 . . Scanalyzer 3 | . . 1 2 Retrieve Study 3 | . . 1 2 Garrison Access Hacks . | . . . . Unauthorized Hacks 21 | . 9 4 8 Terminals 19 | . 8 3 8 Botnet 8 | . 3 2 3 Skim 11 | . 5 1 5 Fabricators . | . . . . Repair Stations . | . . . . Recycling Units 2 | . 1 1 . Tunnel 2 | . 1 1 . Scanalyzers . | . . . . Garrison Access . | . . . . Data Cores Recovered 3 | . 1 . 2 Used 1 | . . . 1 Hacking Detections 20 | . 8 4 8 Full Trace Events . | . . . . Feedback Events . | . . . . Feedback Blocked . | . . . . Robot Schematics Acquired . | . . . . Robots Built . | . . . . Authchips . | . . . . Time . | . . . . Total Robot Build Rating . | . . . . Part Schematics Acquired . | . . . . Parts Built . | . . . . Authchips . | . . . . Time . | . . . . Total Part Build Rating . | . . . . Part Studies Acquired 3 | . . 1 2 Parts Repaired . | . . . . Time . | . . . . Parts Recycled . | . . . . Recycled Matter . | . . . . Retrieved Matter . | . . . . Retrieved Components 7 | . 7 . . Parts Scanalyzed . | . . . . Part Schematics Acquired . | . . . . Parts Damaged . | . . . . Bothacking | -11 -10 -9 -8 ------------ Run | Yrd Mat Mat Mat Used RIF Installer . | . . . . Robots Hacked . | . . . . Non-combat . | . . . . Combat . | . . . . Robot Hacks Applied . | . . . . Relay Couplers Released . | . . . . Fabnet Peak Effective % . | . . . . Robots Rewired . | . . . . Allies Hacked . | . . . . Hacks Repelled . | . . . . Allies | -11 -10 -9 -8 -------- Run | Yrd Mat Mat Mat Total Allies 2 | . . 2 . Largest Group 2 | . . 2 . Highest-Rated Group 24 | . . 24 . Highest-Rated Ally 16 | . . 16 . Total Orders . | . . . . Ally Attacks 9 | . . 9 . Total Damage 119 | . . 119 . Kills 1 | . . 1 . Allies Corrupted . | . . . . Allies Melted . | . . . . X0-1V1 Amusement Gains 155 | . 17 82 56 Average Entertainment 24 | . 6 18 44 Good Acts 30 | . 7 20 3 Bad Acts 42 | . 4 26 12 Intel | -11 -10 -9 -8 ------- Run | Yrd Mat Mat Mat Active Infowar (turns) 787 | 39 554 194 . Seismic 787 | 39 554 194 . Robot Analysis Total . | . . . . Derelict Logs Recovered . | . . . . Drone Launches . | . . . . Drone Recoveries . | . . . . Exploration | -11 -10 -9 -8 ------------- Run | Yrd Mat Mat Mat Turns Passed 3569 | 129 1504 592 1344 Spaces Moved 1939 | 85 985 275 594 Core 16 | 16 . . . Treads 775 | . . 269 506 Legs 1018 | 27 985 6 . Wheels 130 | 42 . . 88 Hover . | . . . . Flight . | . . . . Fastest Speed 50 | 50 120 120 115 Average Speed 143 | 92 120 159 182 Slowest Speed 250 | 120 120 160 250 Overloaded Moves . | . . . . Propulsion Burnouts . | . . . . Robots Hopped . | . . . . Potential Cave-ins . | . . . . Cave-ins Triggered . | . . . . Exploration Rate (%) 49 | 4 97 34 63 Regions Visited 3 Branch Regions . Pre-discovered Areas 3 | . 2 1 . Known Exits Taken 2 | . 1 1 . Unknown Exits Taken 1 | 1 . . . Scrap Searched . | . . . . Spaces Dug 2 | . 2 . . Terrain Destroyed 9 | . 2 . 7 Melee 2 | . 2 . . Projectile . | . . . . AOE 7 | . . . 7 Terrain Rammed . | . . . . Walls Destroyed . | . . . . Machines Disabled . | . . . . Actions | -11 -10 -9 -8 --------- Run | Yrd Mat Mat Mat Total 2417 | 122 1162 377 756 Wait 114 | . 50 14 50 Move 1936 | 84 984 274 594 Hop . | . . . . Pick Up 52 | 14 11 10 17 Fast Attach 9 | 1 1 . 7 Attach 27 | 6 3 8 10 Detach 2 | . 1 . 1 Swap 26 | 2 15 4 5 Drop 25 | 2 13 5 5 Fire 60 | 13 41 . 6 Melee 137 | . 43 36 58 Ram . | . . . . Kick . | . . . . Crush . | . . . . Escape Stasis . | . . . . Rewire 29 | . . 26 3 Trap . | . . . . Miscellaneous . | . . . . Route ------- -11/Scrapyard -10/Materials (discovered 6 exits: *Mat x3 / [*Min x2] / [*Sub]) -9/Materials (discovered 5 exits: *Mat x3 / *Min / *Sto) -8/Materials (discovered 3 exits: *Fac x3) History --------- Turn | Location | Event 6 | -11/Scrapyard | Discovered new exit (range 15) 130 | -11/Scrapyard | Entered Materials 130 | -10/Materials | Discovered new exit (range 7) 311 | -10/Materials | Build established: Mutant 353 | -10/Materials | Discovered new exit (range 3) 470 | -10/Materials | Discovered new exit (range 9) 736 | -10/Materials | Discovered new exit (range 8) 740 | -10/Materials | Prayed at D.C.S.S. Altar Unit 743 | -10/Materials | Discovered new exit (range 12) 798 | -10/Materials | Inventory capacity permanently improved by X0-1V1 (+1; -100 max core) 865 | -10/Materials | X0-1V1 activates XOMVISION 896 | -10/Materials | Identified exit to Materials 896 | -10/Materials | X0-1V1 revealed exit location to -9/Materials 949 | -10/Materials | X0-1V1 sent hostile G-34 Mercenary (x3) 1523 | -10/Materials | Learned Storage stockpile data 1540 | -10/Materials | Learned 2 Mines zone layouts 1546 | -10/Materials | Learned location of 1 exit from Recycling 1547 | -10/Materials | Learned location of 2 exits from Mines 1548 | -10/Materials | Learned location of 3 exits from Materials 1549 | -10/Materials | Learned location of 2 exits from Materials 1554 | -10/Materials | Loaded intel: 16 trap records 1568 | -10/Materials | Learned Materials emergency access door positions 1593 | -10/Materials | Learned location of Mines (-9) 1616 | -10/Materials | X0-1V1 activates XOMVISION 1634 | -10/Materials | Entered another Materials area 1634 | -9/Materials | Evolved 2 slots: Utility x2 1635 | -9/Materials | Identified exit to Materials 1635 | -9/Materials | Identified exit to Mines 1635 | -9/Materials | Identified exit to Storage 1640 | -9/Materials | X0-1V1 sent you to a vault 1641 | -9/Materials | X0-1V1 released a cloud of subatomizers 1705 | -9/Materials | X0-1V1 sent someone to clean up after you 1734 | -9/Materials | X0-1V1 put everyone to sleep 1748 | -9/Materials | Energy generation permanently improved by X0-1V1 (+10; -100 max core) 1753 | -9/Materials | X0-1V1 announced a LAN party 1763 | -9/Materials | X0-1V1 foreshadows a heat wave 1775 | -9/Materials | X0-1V1 vaporized surrounding terrain (radius 16) 1798 | -9/Materials | X0-1V1 activates XOMVISION 1800 | -9/Materials | X0-1V1 sent you into danger 1828 | -9/Materials | X0-1V1 turns hostiles against one another 1837 | -9/Materials | X0-1V1 rewrote G-47 Trooper IFF filter 1926 | -9/Materials | Ambient heat levels rising (+10) 1959 | -9/Materials | Central database locked down 2150 | -9/Materials | Ambient heat levels rising (+10) 2160 | -9/Materials | Build established: Gladiator 2177 | -9/Materials | Sterilization system engaged 2177 | -9/Materials | Non-combat units ordered to evacuate 2226 | -9/Materials | Entered another Materials area 2226 | -8/Materials | Evolved 2 slots: Utility x2 2277 | -8/Materials | X0-1V1 vaporized surrounding terrain (radius 21) 2511 | -8/Materials | X0-1V1 announced a LAN party 2833 | -8/Materials | X0-1V1 caused items to flee you 2886 | -8/Materials | Identified exit to Factory 2907 | -8/Materials | X0-1V1 whisked you away to safety 3054 | -8/Materials | Core integrity fell below 50% 3086 | -8/Materials | Lost 5 parts (1p1n3u) 3153 | -8/Materials | Items stopped fleeing you 3193 | -8/Materials | X0-1V1 added 0b10 threat records associated with you (major) 3301 | -8/Materials | X0-1V1 put everyone to sleep 3349 | -8/Materials | Build established: Mutant 3426 | -8/Materials | Search patrols dispatched 3531 | -8/Materials | X0-1V1 upgraded hostiles (x3) 3553 | -8/Materials | Core integrity fell below 20% 3570 | -8/Materials | Destroyed 9 combat bots 3570 | -8/Materials | Destroyed by S-10 Pest with Light Assault Rifle Last Messages --------------- 03552_ K-01 Serf destroyed. 03552_ K-01 Serf collects debris. 03552_ G-47 Trooper IFF system glitched. 03554_ >> SKIM: Exit location confirmed. 03554_ U-05 Engineer builds a Wall. 03556_ Arm. Treads destroyed. 03557_ Chain reaction triggered in Corrupted Rnf. Ion Engine. 03558_ G-47 Trooper misfires. 03559_ X0-1V1: "The ol' switcheroo!" S-10 Pest form resolidifies at new position. Form resolidifies at new position. 03559_ U-05 Engineer lays Concrete. 03566_ S-10 Pest destroyed. 03566_ U-05 Engineer lays Concrete. 03568_ K-01 Serf collects debris. 03568_ U-05 Engineer builds a Wall. 03568_ Katana follow-up attack on S-10 Pest. 03569_ Lgt. Nuclear Core destroyed. 03570_ X0-1V1 bursts into laughter! Map ----- +----------------------------------------------------+ | ??????????????????????###+######### * = % | | ??????????????????????# !=%=! % ] ! | | ??????????????????????# !########+###########+# | | ??????????????????????# [#??# #?????? | | ??????????????????????# ! #??# #??????"" | | ??????????????????????# #??# """ """ #??????"" | | ??????????????????????## ##??# """ """ #??????"" | | ???????????????????????# #???# """ """ #?????? | | ???????????????????????# =%#???# """ """ #??????? | | ???????????????????????# !#???# """ """ #???????? | | ???????????????????????# #?????? ??????????? | | ???????????????????????# s #???????###???????????? | | ???????????????????????# #####??????########???? | | ???????????????????????# [k= #??????#^ #???? | | ???????????????#######?# ![! !!#??????# "" #???? | | ???????????????# ?#g!%* **#??????# """ #???? | | ???????????????# # !=| **#??????# R" #???? | | ???????????????# # != !!#??????#= """ #???? | | ???????????????? !!! #=%= !!#??????# #???? | | ?????????????????!!! # ##############+####### | | ??????????????????!! ;=% [% | | ???????????????????? ; = | | ????????????????????? ; %u ! | | ??????????????????????!/!%%# #############+####### | | ???????????????????????#=!=# ?????????# [ #??? | | ???????????????????????# @s# "?????????# #??? | | ?????????????????#######% # "?????????# #??? | | ?????????????????? g# ??????????# #??? | | ???????????????????? g/ ??????????# = #??? | | ???????????????????? #o ?????????# ! #??? | | ?????????????????? #### # ????????#/######??? | | ????????????????? ????# #? ???????# #???????? | | ????????????????# ?????# #?####??????# #???????? | | ????????????????#??????# #???????????# #???????? | | ???????????????????????# #???????????# #???????# | | ???????????????????????# #???????????# #???????# | | ??????????????????????## ##??????????# #???????# | | ???????????????#+###### ############ ##??????# | | ???????????????# # ! #??????# | | ???????????????# ! T + = +??????# | | ???????????????# # #????? # | | ???????????????# # ##### ####+####????" # | | ???????????????# / ###+####### ## ==* #????" # | | ???